 Dungeon Sprint DCSS version 0.21-a0-401-g0b6bec4 (webtiles) character file.

2093 pipel the Fencer (level 9, -9/95 HPs)
             Began as a Minotaur Berserker on Oct 22, 2017.
             Was a High Priest of Trog.
             Mangled by a crystal guardian (24 damage)
             ... in the Dungeon (Sprint II: "The Violet Keep of Menkaure").
             The game lasted 00:06:54 (1170 turns).

pipel the Fencer (Minotaur Berserker)               Turns: 1170, Time: 00:06:55

Health: -9/95      AC: 15    Str: 24    XL:     9   Next: 7%
Magic:  8/8        EV: 14    Int: 10    God:    Trog [*****.]
Gold:   315        SH:  0    Dex: 11    Spells: 8/8 levels left

rFire    . . .     SeeInvis .   a - +0 falchion
rCold    + + .     Gourm    .   (no shield)
rNeg     . . .     Faith    +   j - +5 scale mail of Onownuicw {Int+6}
rPois    .         Spirit   .   (helmet restricted)
rElec    .         Reflect  .   (no cloak)
rCorr    .         Harm     .   k - +1 pair of gloves
MR       .....     NoTele   +   (no boots)
Stlth    ..........             c - amulet of Biriwuh {Faith rC++}
HPRegen  0.25/turn              (no ring)
MPRegen  0.11/turn              (no ring)

@: confused, berserk cooldown, slowed, very slow
A: retaliatory headbutt, horns 2
a: Berserk, Trog's Hand, Brothers in Arms, Burn Spellbooks, Renounce Religion


You were in the Dungeon.
You worshipped Trog.
Trog was extremely pleased with you.
You were hungry.

You visited 1 branch You collected 1223 gold pieces.
You spent 908 gold pieces at shops.

Inventory:

Hand Weapons
 a - a +0 falchion (weapon)
Armour
 b - a +0 animal skin
 j - the +5 scale mail of Onownuicw (worn) {Int+6}
   (You bought it in a shop in the Dungeon)

   It affects your intelligence (+6).
 k - a +1 pair of gloves (worn)
Jewellery
 c - the amulet of Biriwuh (around neck) {Faith rC++}
   (You bought it in a shop in the Dungeon)

   [amulet of faith]

   It allows you to gain divine favour quickly.
   It greatly protects you from cold.
Scrolls
 i - a scroll of blinking
Potions
 d - a potion of curing
 e - a potion of heal wounds
 f - a potion of haste
 g - 2 potions of magic
 h - a potion of berserk rage


   Skills:
 + Level 14.0 Fighting
 + Level 15.8 Long Blades
 + Level 8.1 Armour
 + Level 7.7 Dodging
 + Level 1.9 Stealth


You had 8 spell levels left.
You didn't know any spells.

Dungeon Overview and Level Annotations

Branches:
Dungeon (1/1)

Altars:
Dithmenos
Elyvilon
Fedhas
Gozag
Kikubaaqudgha
Makhleb
Nemelex Xobeh
Okawaru
Ru
Sif Muna
Trog
Uskayaw
Vehumet
Xom
Yredelemnul
Zin
Jiyva
Lugonu

Shops:
D *::[(%!}!?:=[*[=

Annotations:
D exclusion: oklob plant, Roxanne


Innate Abilities, Weirdness & Mutations

You reflexively headbutt those who attack you in melee.
You have a pair of horns on your head.


Message History

The swamp drake dies!
Your Fighting skill increases to level 14!
The crystal bolt misses you. x2
You bump into the stone wall.
You are engulfed in noxious fumes.
You choke on the stench!
You are more confused.
You are no longer berserk.
You are exhausted.
You feel yourself slow down.
Unknown command.
The crystal guardian fires a crystalline bolt at you.
The crystal bolt burns you!
The crystal guardian fires a crystalline bolt at you.
The crystal bolt burns you!
* * * LOW HITPOINT WARNING * * *
There is an open door here.
You bump into the stone wall.
The crystal guardian completely misses you.
The crystal guardian hits you!!
You die...

####+####,,,,,,,,*,,,,,*,***,**,,
#≈§§≈§≈≈##⌠,,,,*+***,,,*,,,*,**,,
§§≈§≈≈≈§≈**,,,,*,,***+****,*,*,,,
§§§§8§§≈≈≈##++##,,,+,,,*,,,*,,,,,
≈§§≈§≈≈≈≈##≈...###,*,,,**********
#≈≈§§§≈≈**e≈.....#**,,,*≈≈≈≈≈≈≈≈*
#+++#+++#####....#,##,,**********
.........#..†..(.#§.#,,*,,,,,,,,*
≈.##'##..#..####@#§k#,,*,,,,,,,,*
≈###.###.####..'8##§#,,*,,,,,,,,*
≈#..#..#....#(.#.k†#****,,,,,,,,*
###.#.####..#####.k#*,**,,,,,,,,*
.###'###.##..#..§..#,,**,,,,,,,,*
..##.##...#..#..#..#,,#*,,,,,,,,*
##'.<.'##.+..####^.##.#*,,,,,,,,*
..##.##.###....###^..##▓▓*****+**
.###'###.##......≈≈≈≈≈≈≈≈≈≈≈≈≈,,,


You could see 2 death drakes and a crystal guardian.

Vanquished Creatures
  A death yak (D)
  2 tyrant leeches (D)
  2 redbacks (D)
  4 neqoxecs (D)
  A crocodile (D)
  4 worker ants (D)
  3 worms (D)
  A spectral bat (D)
  A spectral jackal (D)
19 creatures vanquished.

Vanquished Creatures (others)
  Menkaure (D)
  A swamp drake (D)
  A crocodile (D)
3 creatures vanquished.

Grand Total: 22 creatures vanquished

Notes
Turn   | Place    | Note
-------+----------+-------------------------------------------
     0 | D        | pipel the Minotaur Berserker began the quest for the Orb.
     0 | D        | Reached XP level 1. HP: 19/19 MP: 0/0
     1 | D        | Noticed a worker ant
     1 | D        | Noticed a worker ant
     1 | D        | Noticed a worker ant
     1 | D        | Noticed a worker ant
     7 | D        | Killed a worker ant
     7 | D        | Reached skill level 5 in Fighting
     7 | D        | Reached skill level 5 in Long Blades
     7 | D        | Reached XP level 2. HP: 29/29 MP: 1/1
     8 | D        | Reached skill level 6 in Long Blades
     8 | D        | Reached XP level 3. HP: 37/37 MP: 2/2
    10 | D        | Reached ** piety under Trog
    10 | D        | Reached skill level 7 in Long Blades
    10 | D        | Reached XP level 4. HP: 45/45 MP: 3/3
    10 | D        | Killed Menkaure
    70 | D        | Reached skill level 8 in Long Blades
    72 | D        | Reached *** piety under Trog
   105 | D        | Noticed a neqoxec
   112 | D        | Noticed a neqoxec
   114 | D        | Killed a neqoxec
   114 | D        | Reached skill level 10 in Long Blades
   114 | D        | Reached skill level 5 in Armour
   114 | D        | Reached XP level 5. HP: 57/57 MP: 4/4
   117 | D        | Killed a neqoxec
   117 | D        | Reached skill level 10 in Fighting
   117 | D        | Reached skill level 11 in Long Blades
   117 | D        | Reached skill level 5 in Dodging
   117 | D        | Reached XP level 6. HP: 67/67 MP: 5/5
   119 | D        | Noticed a neqoxec
   203 | D        | Noticed Roxanne
   204 | D        | Noticed a neqoxec
   212 | D        | Killed a neqoxec
   212 | D        | Reached **** piety under Trog
   212 | D        | Reached skill level 12 in Long Blades
   246 | D        | Noticed a tyrant leech
   246 | D        | Noticed a tyrant leech
   253 | D        | Killed a tyrant leech
   253 | D        | Reached XP level 7. HP: 75/75 MP: 6/6
   266 | D        | Killed a tyrant leech
   266 | D        | Reached skill level 13 in Long Blades
   532 | D        | Killed a neqoxec
   578 | D        | Found Rureq's Armour Boutique.
   578 | D        | Found Ifotrug's Antique Armour Shop.
   578 | D        | Found Dumem's Magic Scroll Boutique.
   578 | D        | Found Jeomofuy's Book Boutique.
   578 | D        | Found Utunlob's Distillery.
   579 | D        | Found Ejityh's Jewellery Shop.
   579 | D        | Found Wutof's Jewellery Shop.
   579 | D        | Found Zoud's Gadget Shop.
   580 | D        | Found Toigeyv's Distillery.
   580 | D        | Found Vicom's Food Boutique.
   580 | D        | Noticed an ice dragon
   581 | D        | Found Yvekhaoch's General Store.
   581 | D        | Noticed a polar bear
   582 | D        | Found Lyegec's Antique Weapon Shop.
   582 | D        | Found Kowed's Antique Armour Boutique.
   582 | D        | Noticed an oklob plant
   583 | D        | Found Uvoug's Book Shop.
   583 | D        | Found Usintofur's Assorted Antiques.
   583 | D        | Found Imash's Book Shoppe.
   585 | D        | Noticed a polar bear
   591 | D        | Reached skill level 14 in Long Blades
   591 | D        | Reached XP level 8. HP: 33/85 MP: 7/7
   807 | D        | Bought a scroll of magic mapping for 38 gold pieces
   819 | D        | Noticed a fire dragon
   831 | D        | Bought the amulet of Biriwuh {Faith rC++} for 645 gold pieces
   838 | D        | Bought an opal-encrusted scale mail for 225 gold pieces
   848 | D        | Identified the +5 scale mail of Onownuicw {Int+6} (You bought it in a shop in the Dungeon)
   867 | D        | Noticed an orange crystal statue
   879 | D        | Found an iron altar of Okawaru.
   879 | D        | Found an opulent altar of Gozag.
   881 | D        | Found a sparkling altar of Nemelex Xobeh.
   881 | D        | Found a blossoming altar of Fedhas.
   882 | D        | Found a radiant altar of Vehumet.
   882 | D        | Found a burning altar of Makhleb.
   882 | D        | Found a white marble altar of Elyvilon.
   883 | D        | Found a hide-covered altar of Uskayaw.
   883 | D        | Found a corrupted altar of Lugonu.
   883 | D        | Found a shadowy altar of Dithmenos.
   884 | D        | Found a glowing silver altar of Zin.
   884 | D        | Found a bloodstained altar of Trog.
   884 | D        | Found an ancient bone altar of Kikubaaqudgha.
   885 | D        | Found a basalt altar of Yredelemnul.
   885 | D        | Found a deep blue altar of Sif Muna.
   885 | D        | Found a viscous altar of Jiyva.
   886 | D        | Found a shimmering altar of Xom.
   886 | D        | Found a sacrificial altar of Ru.
   893 | D        | Reached skill level 1 in Stealth
   897 | D        | Reached ***** piety under Trog
   959 | D        | Noticed a deep elf master archer
   961 | D        | Noticed a death yak
   984 | D        | Killed a death yak
   984 | D        | Reached skill level 15 in Long Blades
   984 | D        | Reached XP level 9. HP: 52/94 MP: 8/8
  1157 | D        | Noticed a death drake
  1158 | D        | Noticed a death drake
  1159 | D        | Noticed a crystal guardian
  1170 | D        | Mangled by a crystal guardian

Vault maps used:
D:        the_violet_keep_of_menkaure

Skill      XL: |  1  2  3  4  5  6  7  8  9 |
---------------+----------------------------+-----
Fighting       | 5 6 9 10 11 12 13 14 | 14.0
Long Blades    | 5 6 7 10 11 12 14 15 | 15.8
Armour         | 3 5 6 7 8 |  8.1
Dodging        | 3 4 5 6 7 |  7.7
Stealth        | 1 |  1.9

Action                   |  1- 3 |  4- 6 |  7- 9 || total
-------------------------+-------+-------+-------++-------
Melee: Falchion          |     8 |    27 |    59 ||    94
       Headbutt          |       |     4 |    17 ||    21
Invok: Berserk           |     1 |     4 |     3 ||     8
  Use: Scroll            |       |       |     2 ||     2
  Eat: Chunk             |       |     2 |     1 ||     3
       Bread ration      |       |       |     1 ||     1
Armor: Animal skin       |     1 |     1 |       ||     2
       Scale mail        |       |       |     4 ||     4
Dodge: Dodged            |     3 |     7 |    20 ||    30
       Rpst.: Falchion   |       |     4 |     4 ||     8

Table legend:
 A = Spawn XP
 B = Non-spawn XP
 C = Spawn XP percentage of total XP
 D = Spawn monster count
 E = Non-spawn monster count
 F = Spawn count percentage of total count
 G = Total turns spent on level
                    A         B        C        D         E        F      G
               +---------+---------+-------+---------+---------+-------+---------
         Total |       0 |    2990 |   0.0 |       0 |      20 |   0.0 |  1170
               +---------+---------+-------+---------+---------+-------+---------
             D |       0 |    2990 |   0.0 |       0 |      20 |   0.0 |  1170
               +---------+---------+-------+---------+---------+-------+---------
